 Dungeon Crawl Stone Soup version 0.31-a0-691-g409c26aa35 (webtiles) character file.

Game seed: 13294401821856729992

231 qw the Shooter (level 6, -3/38 HPs)
             Began as a Gargoyle Hunter on Sept 6, 2023.
             Slain by Pikel
             ... wielding a +1 whip of freezing
              (5 damage)
             ... on level 3 of the Dungeon.
             The game lasted 00:01:17 (2364 turns).

qw the Shooter (Gargoyle Hunter)                    Turns: 2364, Time: 00:01:17

Health: -3/38      AC: 11    Str: 15    XL:     6   Next: 3%
Magic:  6/6        EV: 16    Int:  9    God:
Gold:   197        SH:  0    Dex: 15    Spells: 5/5 levels left

rFire   . . .        Y - +0 shortbow
rCold   . . .        (shield currently unavailable)
rNeg    + . .        j - +0 ring mail
rPois   inf          (no helmet)
rElec   +            (no cloak)
rCorr   .            e - +1 pair of gloves
SInv    .            (no boots)
Will    .....        (no amulet)
Stlth   +            i - +5 ring of evasion
HPRegen 0.26/turn    (no ring)
MPRegen 0.10/turn

%: no passive effects
@: no status effects
A: sickness immunity, AC +4, negative energy resistance 1, electricity
resistance, torment resistance 1, petrification resistance
a: no special abilities


You were on level 3 of the Dungeon.
You visited 1 branch of the dungeon, and saw 4 of its levels.

You collected 197 gold pieces.


Innate Abilities, Weirdness & Mutations

You are immune to sickness and miasma.
Your stone body is resilient. (AC +4)
You are immune to poison.
You resist negative energy. (rN+)
You are resistant to electric shocks. (rElec)
You are resistant to unholy torment.
You are immune to petrification.


   Skills:
 - Level 4.0 Fighting
 + Level 6.2 Ranged Weapons
 - Level 1.0 Armour
 - Level 1.5 Dodging
 - Level 1.1 Stealth


You had 5 spell levels left.
You didn't know any spells.
Your spell library was empty.

Inventory:

Hand Weapons
 Y - a +0 shortbow (weapon)
Armour
 e - a +1 pair of gloves (worn)
 j - a +0 ring mail (worn)
Jewellery
 h - a ring of fire
 i - a +5 ring of evasion (left hand)
Potions
 f - a potion of degeneration {unknown}
 g - a potion of attraction {unknown}

Dungeon Overview and Level Annotations

Branches:
Dungeon (4/15)
 Temple: D:4-7

Altars:
Ashenzari
Gozag
Trog
Vehumet

Annotations:
D:3 Pikel, Robin


Message History

Pikel hits you with a +1 whip of freezing.
Pikel freezes you.
You shoot an arrow. The arrow barely misses Pikel.
The lemure misses you. Pikel barely misses you. The lemure hits you.
Pikel misses you.
You shoot an arrow. The arrow barely misses Pikel.
The lemure barely misses you. Pikel barely misses you.
You shoot an arrow. The arrow closely misses Pikel.
The lemure misses you. Pikel misses you.
You shoot an arrow. The arrow completely misses Pikel.
The lemure misses you. Pikel misses you.
You shoot an arrow. The arrow hits Pikel!
Pikel is heavily wounded.
The lemure hits you but does no damage. Pikel completely misses you.
Robin's horned helmet rattles.
You shoot an arrow. The arrow closely misses Pikel.
The lemure barely misses you. Pikel closely misses you.
The lemure hits you but does no damage.
Pikel hits you with a +1 whip of freezing.
Pikel freezes you.
You shoot an arrow.
The arrow hits Pikel but does no damage.
Pikel is moderately wounded.
The lemure hits you but does no damage. Pikel barely misses you.
You shoot an arrow.
The arrow hits Pikel but does no damage.
Pikel is moderately wounded.
The lemure closely misses you.
Pikel hits you with a +1 whip of freezing.
Pikel freezes you.
You shoot an arrow. The arrow closely misses Pikel.
The lemure closely misses you. Pikel closely misses you.
You shoot an arrow.
The arrow hits Pikel but does no damage.
Pikel is moderately wounded.
The lemure hits you.
Pikel hits you with a +1 whip of freezing!
Pikel freezes you.
You die...
Pikel says, "See you in Hell!"

######### #.......#
#.#####.# #.# #)# #.#
#K################ #.#
#@5g.............. #.###
#######(###.....## #...#
##.## #.###... ###.## #..#
#.# #... ####...######..##
#.###...
#.............#.###....#.#
#.##...#######...^...###.#
#.###.## #..#......#.#
#.###.########..#..#.#.#.#


You could see Pikel, a lemure and Robin.

Vanquished Creatures
  2 orc priests (D:3)
  An orc wizard (D:3)
  3 gnolls (D:2)
  2 adders (D:2)
  2 dart slugs
  A worm (D:2)
  9 orcs (D:3)
  9 ball pythons
  4 endoplasms
  2 giant cockroaches
  11 goblins
  11 hobgoblins
  4 quokkas
  10 bats
  6 frilled lizards
  4 kobolds
  3 rats
84 creatures vanquished.

Notes
Turn   | Place    | Note
-------+----------+-------------------------------------------
     0 | D:1      | qw the Gargoyle Hunter began the quest for the Orb.
     0 | D:1      | Reached XP level 1. HP: 12/12 MP: 1/1
     0 | D:1      | 0 ||| qw: Version: 0.3-a-76-g4403597
     0 | D:1      | 0 ||| qw: Game counter: 32
     0 | D:1      | 0 ||| qw: Melee chars always use a shield: true
     0 | D:1      | 0 ||| qw: God list: Okawaru
     0 | D:1      | 0 ||| qw: Allow faded altars: false
     0 | D:1      | 0 ||| qw: Do Orc after clearing Dungeon:15 true
     0 | D:1      | 0 ||| qw: Do second Lair branch before Depths: true
     0 | D:1      | 0 ||| qw: Lair rune preference: random
     0 | D:1      | 0 ||| qw: Goals: Normal
     0 | D:1      | 0 ||| PLANNING D:1-11
    65 | D:1      | HP: 2/12 [hobgoblin (3)]
    71 | D:1      | HP: 3/12 [hobgoblin (1)]
   129 | D:1      | Reached XP level 2. HP: 17/17 MP: 2/2
   186 | D:1      | 186 ||| Stepping ~*~*~tactically~*~*~ (water).
   300 | D:1      | Reached XP level 3. HP: 21/21 MP: 3/3
   316 | D:1      | You fall into a shaft and drop 1 floor!
   332 | D:2      | Reached skill level 5 in Ranged Weapons
   443 | D:2      | 443 ||| UPGRADING to +0 pair of gloves.
   448 | D:2      | 448 ||| READING scroll labelled NIWISEU KOJUE.
   449 | D:2      | 449 ||| DROPPING scroll of butterflies.
   451 | D:2      | 451 ||| FLEEEEING.
   453 | D:2      | 453 ||| FLEEEEING.
   455 | D:2      | 455 ||| FLEEEEING.
   457 | D:2      | 457 ||| STAIRDANCE
   762 | D:2      | 762 ||| RETREATING.
   765 | D:2      | Reached skill level 3 in Fighting
   765 | D:2      | Reached XP level 4. HP: 28/28 MP: 4/4
  1166 | D:2      | 1166 ||| UPGRADING to +0 ring mail.
  1176 | D:2      | 1176 ||| DROPPING +0 leather armour.
  1177 | D:2      | 1177 ||| UPGRADING to +5 ring of evasion.
  1178 | D:2      | 1178 ||| READING scroll labelled BEUGHOA JAMEGH.
  1179 | D:2      | 1179 ||| READING scroll labelled NANEPL ZAUFA.
  1184 | D:2      | 1184 ||| READING scroll labelled HUPTIA CIRPH.
  1274 | D:3      | Found an opulent altar of Gozag.
  1323 | D:3      | Found a broken altar of Ashenzari.
  1360 | D:3      | Reached skill level 1 in Armour
  1564 | D:3      | Reached XP level 5. HP: 32/32 MP: 5/5
  1573 | D:3      | 1573 ||| FLEEEEING.
  1574 | D:3      | 1574 ||| FLEEEEING.
  1575 | D:3      | 1575 ||| FLEEEEING.
  1576 | D:3      | 1576 ||| FLEEEEING.
  1578 | D:3      | 1578 ||| FLEEEEING.
  1586 | D:3      | 1586 ||| FLEEEEING.
  1587 | D:3      | 1587 ||| FLEEEEING.
  1590 | D:3      | 1590 ||| FLEEEEING.
  1593 | D:3      | 1593 ||| FLEEEEING.
  1594 | D:3      | 1594 ||| FLEEEEING.
  1595 | D:3      | 1595 ||| FLEEEEING.
  1611 | D:3      | Reached skill level 6 in Ranged Weapons
  1862 | D:3      | 1862 ||| READING scroll of enchant armour.
  1862 | D:3      | 1862 ||| ENCHANTING +0 pair of gloves.
  1978 | D:3      | Found a bloodstained altar of Trog.
  2185 | D:3      | 2185 ||| READING scroll labelled OPOBLY UREMM.
  2235 | D:4      | Noticed Robin
  2235 | D:4      | Found a radiant altar of Vehumet.
  2236 | D:4      | 2236 ||| STAIRDANCE
  2244 | D:4      | Noticed a lemure
  2245 | D:4      | 2245 ||| STAIRDANCE
  2248 | D:3      | Reached XP level 6. HP: 38/38 MP: 6/6
  2264 | D:4      | Noticed Pikel
  2265 | D:4      | 2265 ||| STAIRDANCE
  2347 | D:4      | 2347 ||| STAIRDANCE
  2364 | D:3      | HP: 2/38 [Pikel/+1 whip of freezing (10)]
  2364 | D:3      | Slain by Pikel

Levels and vault maps discovered:
D:1:      orjb1_lava_funnel, layout_rooms, chequers_serial_rivers_large_a,
          hex_medium
D:2:      layout_loops_cross
D:3:      kennysheep_six_static_rooms, layout_loops_ring,
          mainiacjoe_overflow_boulevard, trog_book, grunt_gozag_statues,
          grunt_ministairs_13
D:4:      layout_rooms, old_standard_altar, uniq_pikel, uniq_eustachio,
          uniq_sigmund, uniq_robin

Skill      XL: |  1  2  3  4  5 |
---------------+----------------+-----
Ranged Weapons | 5 6 |  6.2
Fighting       | 3 4 |  4.0
Armour         | 1 |  1.0
Dodging        | |  1.5
Stealth        | |  1.1

Action                     |  1- 3 |  4- 6 || total
---------------------------+-------+-------++-------
   Fire: Shortbow          |   131 |   183 ||   314
    Use: Scroll            |     1 |     5 ||     6
 Armour: Leather armour    |    35 |     4 ||    39
         Ring mail         |       |    84 ||    84
  Dodge: Dodged            |    52 |   144 ||   196

Table legend:
 A = Non-vault XP
 B = Vault XP
 C = Vault XP percentage of total XP
 D = Non-vault monster count
 E = Vault monster count
 F = Vault count percentage of total count
                 A         B        C        D         E       F
            +---------+---------+-------+---------+---------+-------
      Total |     299 |      31 |   9.4 |      68 |      16 |  19.0
            +---------+---------+-------+---------+---------+-------
        D:1 |      41 |       0 |   0.0 |      25 |       0 |   0.0
        D:2 |      99 |       0 |   0.0 |      21 |       0 |   0.0
        D:3 |     159 |      31 |  16.3 |      22 |      16 |  42.1
            +---------+---------+-------+---------+---------+-------
